 Dungeon Crawl Stone Soup version 0.30.0-29-ga12c61a403 (webtiles) character file.

Game seed: 7764745271721837050

99 BONEBRO the Slasher (level 4, -2/33 HPs)
             Began as a Merfolk Gladiator on June 25, 2023.
             Slain by a gnoll
             ... wielding a +0 halberd
              (11 damage)
             ... on level 3 of the Dungeon.
             The game lasted 00:03:13 (2194 turns).

BONEBRO the Slasher (Merfolk Gladiator)             Turns: 2194, Time: 00:03:14

Health: -2/33      AC:  9    Str: 14    XL:     4   Next: 72%
Magic:  4/4        EV: 13    Int:  7    God:
Gold:   157        SH:  0    Dex: 17    Spells: 3/3 levels left

rFire   . . .        a - +0 long sword
rCold   . . .        (no shield)
rNeg    . . .        p - +3 leather armour {Will+}
rPois   .            c - +0 helmet
rElec   .            (no cloak)
rCorr   .            q - +0 pair of gloves
SInv    .            n - +0 pair of boots
Will    ++...        (no amulet)
Stlth   +            j - ring of willpower
HPRegen 0.25/turn    (no ring)
MPRegen 0.09/turn

%: no passive effects
@: no status effects
A: (nimble swimmer 2), mertail
a: no special abilities


You were on level 3 of the Dungeon.
You visited 1 branch of the dungeon, and saw 3 of its levels.

You collected 157 gold pieces.

Inventory:

Hand Weapons
 a - a +0 long sword (weapon)
Missiles
 d - 3 throwing nets (quivered)
 e - a javelin
 s - 5 poisoned darts
Armour
 b - a +0 leather armour
 c - a +0 helmet (worn)
 n - a +0 pair of boots (worn)
 p - a +3 leather armour of willpower (worn)
 q - a +0 pair of gloves (worn)
Jewellery
 j - a ring of willpower (left hand)
Wands
 v - a wand of flame (19)
Scrolls
 f - a scroll of poison {unknown}
 g - a scroll of amnesia {unknown}
 h - 2 scrolls of enchant weapon {unknown}
 i - 4 scrolls of teleportation {unknown}
 k - 3 scrolls of identify {unknown}
 l - a scroll of noise {unknown}
 r - a scroll of enchant armour
 t - a scroll of fear {unknown}
Potions
 m - a potion of curing {unknown}
 o - a potion of brilliance {unknown}
 u - a potion of flight {unknown}
 w - a potion of heal wounds {unknown}


   Skills:
 - Level 2.1 Fighting
 + Level 6.4 Long Blades
 - Level 2.0 Throwing
 - Level 4.0 Dodging


You had 3 spell levels left.
You didn't know any spells.
Your spell library contained the following spells:

 Spells                   Type           Power      Damage    Failure   Level
 Magic Dart               Conj           0%         1d3       52%         1
 Call Imp                 Summ           0%         N/A       65%         2
 Mephitic Cloud           Conj/Pois/Air  0%         N/A       87%         3


Dungeon Overview and Level Annotations

Branches:
Dungeon (3/15)

Altars:
Uskayaw


Innate Abilities, Weirdness & Mutations

((You are very nimble when in or above water. (Stealth+, EV+, Speed+++)))
Your lower body shifts to a powerful aquatic tail in water.


Message History

The ball python hisses angrily.
The ball python misses you. The ball python grabs you.
The ball python constricts you.
The ball python bites you but does no damage.
The ball python constricts you.
You slash the ball python!
You kill the ball python!
No target in view!
No target in view!
You now have 157 gold pieces (gained 10).
A gnoll comes into view. It is wielding a +0 halberd.
A gnoll is nearby!
A gnoll is nearby!
A gnoll comes into view. It is wielding a +0 halberd.
The gnoll shouts!
The gnoll completely misses you.
You barely miss the gnoll.
The gnoll hits you from afar with a +0 halberd.
The gnoll misses you.
You hit the gnoll.
The gnoll is lightly wounded.
The gnoll closely misses you. x2
You hit the gnoll.
The gnoll is lightly wounded.
The gnoll hits you from afar with a +0 halberd!
The gnoll closely misses you.
You closely miss the gnoll.
The gnoll is lightly wounded.
The gnoll closely misses you. x2
You closely miss the gnoll.
The gnoll is lightly wounded.
The gnoll hits you from afar with a +0 halberd!
The gnoll hits you with a +0 halberd.
* * * LOW HITPOINT WARNING * * *
Sorry, you're not good enough to have a special ability.
As you read the scroll labelled SOMITH ORCHAUV, it crumbles to dust.
It is a scroll of enchant armour.
Your +2 leather armour of willpower glows green for a moment.
The gnoll hits you from afar with a +0 halberd!
You die...

...)...## #..# ###...#
.####...# #.#..##
########...# .#((#....
#...... ...........#
.#..#._.. #......
...######..# .#..#....
#...#.# ..######..#
.####....
##...#.####>...........
.........
..............#####..#
#..######
#gg................#
#.## #@# ###.###.##.#
..## #.# #.# #.##..
..<# #.#######.###.##)#
.#.##
###.#..............#
#...##
#.....#####.###.#..#
.#.#.### #...###
#......... ........
.......# #..##.#...
.#.#.### ####...#
#.†##.#... #...## #....
.....#.#...


You could see 2 gnolls.

Vanquished Creatures
  Ijyb (D:3)
  A gnoll (D:3)
  2 adders
  A worm (D:2)
  2 dart slugs
  6 ball pythons
  An endoplasm (D:2)
  A giant cockroach (D:2)
  2 goblins (D:1)
  3 hobgoblins
  6 jackals
  2 quokkas (D:2)
  4 bats
  3 frilled lizards
  3 kobolds
  A rat (D:3)
39 creatures vanquished.

Notes
Turn   | Place    | Note
-------+----------+-------------------------------------------
     0 | D:1      | BONEBRO the Merfolk Gladiator began the quest for the Orb.
     0 | D:1      | Reached XP level 1. HP: 16/16 MP: 1/1
   232 | D:1      | Reached skill level 4 in Long Blades
   419 | D:1      | Reached XP level 2. HP: 21/22 MP: 2/2
   964 | D:2      | Reached skill level 5 in Long Blades
   964 | D:2      | Reached XP level 3. HP: 27/27 MP: 3/3
  1911 | D:3      | Reached XP level 4. HP: 33/33 MP: 4/4
  1983 | D:3      | Noticed a +0 hand axe
  1983 | D:3      | Noticed a +0 dagger
  1984 | D:3      | Found a hide-covered altar of Uskayaw.
  2009 | D:3      | Noticed Ijyb
  2019 | D:3      | Killed Ijyb
  2020 | D:3      | Reached skill level 6 in Long Blades
  2194 | D:3      | Slain by a gnoll

Illustrated notes

Levels and vault maps discovered:
D:1:      scummos_arrival_gate, layout_basic
D:2:      layout_loops_corners
D:3:      layout_loops_ring, dancing_weapons_uskayaw, uniq_ijyb

Skill      XL: |  1  2  3  4 |
---------------+-------------+-----
Long Blades    | 4 5 6 |  6.4
Fighting       | |  2.1
Throwing       | |  2.0
Dodging        | |  4.0

Action                     |  1- 3 |  4- 6 || total
---------------------------+-------+-------++-------
  Melee: Long sword        |   100 |    36 ||   136
         Punch             |       |     2 ||     2
    Use: Scroll            |       |     1 ||     1
   Stab: Sleeping          |     2 |       ||     2
         Distracted        |     1 |       ||     1
 Armour: Leather armour    |    28 |     7 ||    35
  Dodge: Dodged            |    96 |    26 ||   122
